 Dungeon Crawl Stone Soup version 0.24-a0-170-gd8427f5 (webtiles) character file.

Game seed: 18076993772443859649

441 XanderDroid the Chopper (level 6, -2/56 HPs)
             Began as a Minotaur Berserker on Mar 8, 2019.
             Was a Priest of Trog.
             Slain by an ogre
             ... wielding a +0 giant club
              (6 damage)
             ... on level 4 of the Dungeon.
             The game lasted 00:07:35 (2709 turns).

XanderDroid the Chopper (Minotaur Berserker)        Turns: 2709, Time: 00:07:37

Health: -2/56      AC:  9    Str: 22    XL:     6   Next: 70%
Magic:  5/5        EV: 11    Int:  4    God:    Trog [***...]
Gold:   82         SH:  0    Dex: 11    Spells: 5/5 levels left

rFire    . . .     SeeInvis .   a - +0 war axe
rCold    . . .     Gourm    .   (no shield)
rNeg     . . .     Faith    .   r - +1 scale mail
rPois    .         Spirit   .   (helmet restricted)
rElec    .         Reflect  .   (no cloak)
rCorr    .         Harm     .   (no gloves)
MR       .....                  e - +0 pair of boots
Stlth    ..........             (no amulet)
HPRegen  0.18/turn              i - ring of flight
MPRegen  0.09/turn              (no ring)

@: no status effects
A: retaliatory headbutt, horns 2
a: Berserk, Trog's Hand, Renounce Religion, Evoke Flight


You were on level 4 of the Dungeon.
You worshipped Trog.
Trog was most pleased with you.
You were not hungry.

You visited 2 branches of the dungeon, and saw 5 of its levels.

You collected 243 gold pieces.
You spent 161 gold pieces at shops.

Inventory:

Hand Weapons
 a - a +0 war axe (weapon)
Armour
 e - a +0 pair of boots (worn)
 r - a +1 scale mail (worn)
Jewellery
 i - a ring of flight (left hand)
Scrolls
 d - a scroll of identify
 f - 2 scrolls of remove curse
 g - 2 scrolls of teleportation
 k - 2 scrolls of enchant armour
 l - a scroll of amnesia {unknown}
Potions
 b - a potion of heal wounds {unknown}
 h - a potion of haste {unknown}
 j - 2 potions of ambrosia
 n - 2 potions of mutation
 o - a potion of magic {unknown}
 p - a potion of degeneration {unknown}
Comestibles
 c - 10 rations
 m - a chunk of flesh


   Skills:
 + Level 5.1 Fighting
 * Level 6.4 Axes
 + Level 4.4 Armour
 + Level 4.0 Dodging


You had 5 spell levels left.
You didn't know any spells.
Your spell library was empty.

Dungeon Overview and Level Annotations

Branches:
Dungeon (4/15)             Temple (1/1) D:4

Altars:
Ashenzari
Cheibriados
Dithmenos
Elyvilon
Gozag
Hepliaklqana
Kikubaaqudgha
Makhleb
Okawaru
Qazlal
Ru
Sif Muna
Trog
Uskayaw
Vehumet
Wu Jian
Xom
Yredelemnul
Zin
The Shining One

Shops:
D:4 (*[


Innate Abilities, Weirdness & Mutations

You reflexively headbutt those who attack you in melee.
You have a pair of horns on your head.


Message History

The ogre hits you with a +0 giant club!!
You barely miss the ogre. You headbutt the ogre.
The ogre is moderately wounded.
The ogre hits you with a +0 giant club!!
* * * LOW HITPOINT WARNING * * *
Your scale mail prevents you from hitting the ogre.
The ogre is moderately wounded.
The ogre barely misses you.
You barely miss the ogre.
The ogre is moderately wounded.
The ogre closely misses you.
You slash the ogre! Your headbutt misses the ogre.
The ogre is heavily wounded.
The ogre barely misses you.
You barely miss the ogre.
The ogre is heavily wounded.
You slash the ogre! You headbutt the ogre.
The ogre is almost dead.
The ogre hits you with a +0 giant club.
You die...

### #.♣ # ♣.∩.♣
#.♣.#.# #O....#
#@# ##############
#.###.............
#....>............
##################
............
##.....####
#......###
#...≈§≈..##
#..≈≈≈§≈..#


You could see an ogre.

Vanquished Creatures
  2 scorpions (D:4)
  A crimson imp (D:2)
  An orc priest (D:3)
  Terence (D:2)
  An iguana (D:4)
  2 worker ants (D:4)
  An orc wizard (D:2)
  Robin (D:2)
  5 adders
  An ooze (D:1)
  3 dart slugs
  4 leopard geckos
  4 orcs (D:3)
  A ball python (D:3)
  6 bats
  7 giant cockroaches
  14 goblins
  12 hobgoblins
  7 kobolds
  A quokka (D:2)
  8 frilled lizards
  4 rats
87 creatures vanquished.

Notes
Turn   | Place    | Note
-------+----------+-------------------------------------------
     0 | D:1      | XanderDroid the Minotaur Berserker began the quest for the
                  | Orb.
     0 | D:1      | Reached XP level 1. HP: 19/19 MP: 0/0
   166 | D:1      | Reached XP level 2. HP: 27/27 MP: 1/1
   205 | D:1      | Reached skill level 4 in Axes
   595 | D:1      | Reached ** piety under Trog
   651 | D:1      | Reached XP level 3. HP: 31/33 MP: 2/2
  1005 | D:2      | Noticed Terence
  1014 | D:2      | Killed Terence
  1014 | D:2      | Reached XP level 4. HP: 40/40 MP: 3/3
  1094 | D:2      | Found a faded altar of an unknown god.
  1221 | D:2      | Reached skill level 5 in Axes
  1276 | D:2      | Found a burning altar of Makhleb.
  1327 | D:2      | Found a basalt altar of Yredelemnul.
  1362 | D:2      | Noticed Robin
  1367 | D:2      | Reached XP level 5. HP: 36/47 MP: 4/4
  1374 | D:2      | Killed Robin
  1438 | D:2      | Found a sacrificial altar of Ru.
  1743 | D:3      | Reached *** piety under Trog
  2217 | D:4      | Found a staircase to the Ecumenical Temple.
  2255 | D:4      | Reached XP level 6. HP: 49/55 MP: 5/5
  2273 | D:4      | Found Iniseh's Assorted Antiques.
  2281 | D:4      | Bought a scroll of identify for 46 gold pieces
  2281 | D:4      | Bought a scroll labeled JIYLOO POTYU for 23 gold pieces
  2281 | D:4      | Bought a scroll labeled JIYLOO POTYU for 23 gold pieces
  2281 | D:4      | Bought a scroll of teleportation for 69 gold pieces
  2322 | D:4      | Reached skill level 6 in Axes
  2332 | Temple   | Entered the Ecumenical Temple
  2564 | D:4      | Reached skill level 5 in Fighting
  2653 | D:4      | Found Vir Xetengo's Antique Armour Shoppe.
  2701 | D:4      | Found Emmyemiy's Weapon Emporium.
  2709 | D:4      | Slain by an ogre

Levels and vault maps discovered:
D:1:      dpeg_arrival_ternary, layout_loops_ring, minmay_misc_feat_tiny,
          minmay_shallow_snake_nest
D:2:      layout_rooms, lemuel_round_altar, old_standard_altar, first_ration,
          chequers_ecumenical_altar_simple_redux, roderic_serpentine_path,
          nicolae_ru_great_annihilating_truth, uniq_terence, uniq_robin
D:3:      layout_loops_ring, minmay_misc_feat_columns, nrook_mini_vaults
D:4:      layout_basic, minmay_temple_entry_mist, serial_shops,
          nicolae_shop_crystal, nicolae_shop_trees, kennysheep_mini_moat,
          uniq_blork_the_orc
Temple:   regret_index_temple_mists

Skill      XL: |  1  2  3  4  5  6 |
---------------+-------------------+-----
Axes           | 4 5 6 |  6.4
Fighting       | 4 5 |  5.1
Armour         | 3 4 |  4.4
Dodging        | 3 4 |  4.0

Action                   |  1- 3 |  4- 6 || total
-------------------------+-------+-------++-------
Melee: Hand axe          |    83 |    52 ||   135
       Headbutt          |    10 |    17 ||    27
       War axe           |       |    52 ||    52
Invok: Berserk           |     1 |     1 ||     2
  Use: Scroll            |       |     7 ||     7
       Potion            |       |     1 ||     1
 Stab: Paralysed         |       |     1 ||     1
  Eat: Chunk             |       |     8 ||     8
Armor: Ring mail         |    29 |    13 ||    42
       Scale mail        |       |    15 ||    15
Dodge: Dodged            |    41 |    68 ||   109

Table legend:
 A = Non-vault XP
 B = Vault XP
 C = Vault XP percentage of total XP
 D = Non-vault monster count
 E = Vault monster count
 F = Vault count percentage of total count
                 A         B        C        D         E       F
            +---------+---------+-------+---------+---------+-------
      Total |     524 |     106 |  16.8 |      72 |      15 |  17.2
            +---------+---------+-------+---------+---------+-------
        D:1 |      50 |       0 |   0.0 |      26 |       0 |   0.0
        D:2 |     108 |     106 |  49.5 |      19 |      15 |  44.1
        D:3 |     115 |       0 |   0.0 |      20 |       0 |   0.0
        D:4 |     251 |       0 |   0.0 |       7 |       0 |   0.0
            +---------+---------+-------+---------+---------+-------
